 Dungeon Crawl Stone Soup version 0.29-a0-542-g075992c915 (webtiles) character file.

Game seed: 8758017726739687429

1223 MechDurjaeses the Shield-Bearer (level 8, -8/67 HPs)
             Began as a Gnoll Fighter on June 3, 2022.
             Killed from afar by Dowan (20 damage)
             ... with a shard of ice
             ... on level 5 of the Dungeon.
             The game lasted 00:16:15 (6753 turns).

MechDurjaeses the Shield-Bearer (Gnoll Fighter)     Turns: 6753, Time: 00:16:15

Health: -8/67      AC: 12    Str: 17 (18) XL:     8   Next: 47%
Magic:  12/12      EV: 10    Int:  8      God:
Gold:   227        SH:  7    Dex: 10 (11) Spells: 10/13 levels left

rFire   . . .      SeeInvis .   a - +0 trident
rCold   . . .      Faith    .   p - +2 buckler
rNeg    . . .      Spirit   .   b - +0 scale mail
rPois   .          Reflect  .   (no helmet)
rElec   .          Harm     .   (no cloak)
rCorr   .          Rampage  .   (no gloves)
Will    .....                   (no boots)
Stlth   +.........              (no amulet)
HPRegen 0.21/turn               f - ring of flight
MPRegen 0.13/turn               o - +4 ring of protection

@: mighty, flying, hasted, very quick
A: fangs 1, strong nose, distributed training
a: no special abilities


You were on level 5 of the Dungeon.
You visited 1 branch of the dungeon, and saw 5 of its levels.
You also visited: Sewer and Ossuary.

You collected 227 gold pieces.

Inventory:

Hand Weapons
 a - a +0 trident (weapon)
 k - a +0 flail of protection
 u - a +0 halberd
Missiles
 j - 11 poisoned darts (quivered)
 m - 6 datura-tipped darts
Armour
 b - a +0 scale mail (worn)
 p - a +2 buckler (worn)
Jewellery
 c - a ring of fire
 f - a ring of flight (left hand)
 o - a +4 ring of protection (right hand)
Wands
 d - a wand of polymorph (5)
Scrolls
 e - 2 scrolls of teleportation
 n - a scroll of immolation
 x - a scroll of poison
Potions
 g - a potion of haste
 h - a potion of magic {unknown}
 i - a potion of brilliance
 l - 2 potions of resistance {unknown}
 q - a potion of degeneration
 r - a potion of mutation {unknown}
 s - 3 potions of curing
 t - a potion of lignification {unknown}
 v - 2 potions of heal wounds {unknown}
 w - a potion of invisibility {unknown}
 z - 2 potions of berserk rage {unknown}
 A - a potion of might
 B - a potion of flight {unknown}


   Skills:
 + Level 7.4 Fighting
 + Level 3.3 Short Blades
 + Level 3.3 Long Blades
 + Level 3.3 Axes
 + Level 3.3 Maces & Flails
 + Level 5.7 Polearms
 + Level 3.3 Staves
 + Level 3.3 Slings
 + Level 3.3 Bows
 + Level 3.3 Crossbows
 + Level 3.3 Throwing
 + Level 7.4 Armour
 + Level 3.3 Dodging
 + Level 3.3 Stealth
 + Level 7.4 Shields
 + Level 3.3 Unarmed Combat
 + Level 3.3 Spellcasting
 + Level 2.7 Conjurations
 + Level 2.7 Hexes
 + Level 2.7 Summonings
 + Level 2.7 Necromancy
 + Level 2.7 Translocations
 + Level 2.7 Transmutations
 + Level 2.7 Fire Magic
 + Level 2.7 Ice Magic
 + Level 2.7 Air Magic
 + Level 2.7 Earth Magic
 + Level 2.7 Poison Magic
 + Level 3.6 Invocations
 + Level 3.3 Evocations


You had 10 spell levels left.
You knew the following spells:

 Your Spells              Type           Power      Damage    Failure   Level
a - Stone Arrow           Conj/Erth      10%        3d7       75%         3

Your spell library contained the following spells:

 Spells                   Type           Power      Damage    Failure   Level
 Conjure Flame            Conj/Fire      5%         6-21      75%         3
 Ignite Poison            Fire/Tmut/Pois 5%         N/A       75%         3
 Animate Armour           Summ/Erth      10%        N/A       98%         4
 Fulminant Prism          Conj/Hex       2%         3d6       98%         4
 Iskenderun's Mystic Bla  Conj/Tloc      5%         2d3       98%         4
 Sticky Flame             Conj/Fire      5%         2d3       98%         4
 Lee's Rapid Deconstruct  Erth           2%         3d6*      100%        5
 Lehudib's Crystal Spear  Conj/Erth      2%         10d2      100%        8


Dungeon Overview and Level Annotations

Branches:
Dungeon (5/15)              Sewer (visited)         Ossuary (visited)
 Temple: D:4-7

Altars:

Shops:
D:5 :

Annotations:
D:5 Dowan, Edmund


Innate Abilities, Weirdness & Mutations

You have very sharp teeth.
Your uncanny sense of smell can sniff out nearby items.
Your experience applies equally to all skills.


Message History

You feel sick.
Dowan smirks and points a slender finger.
You see here 20 stones.
You barely miss the scorpion.
You feel sick.
The scorpion stings you but does no damage.
You hit Duvessa. You bite Duvessa, but do no damage.
Duvessa is heavily wounded.
You feel sick. Duvessa hits you with a +0 rapier.
You block the scorpion's attack. Duvessa hits you with a +0 rapier.
The scorpion attacks as you move away! You block the scorpion's attack.
You feel sick.
You are no longer poisoned.
The scorpion stings you but does no damage.
Duvessa attacks as you move away! Duvessa hits you but does no damage.
Duvessa hits you with a +0 rapier!
You barely miss Duvessa.
Duvessa is moderately wounded.
Duvessa hits you but does no damage.
You hit Duvessa.
Duvessa is heavily wounded.
Duvessa hits you but does no damage. Duvessa hits you with a +0 rapier!
* * * LOW HITPOINT WARNING * * *
You feel yourself speed up. Duvessa misses you.
You feel very mighty all of a sudden. Duvessa hits you but does no damage.
You barely miss Duvessa.
Duvessa is heavily wounded.
You block Duvessa's attack. Duvessa hits you with a +0 rapier.
* * * LOW HITPOINT WARNING * * *
You puncture Duvessa! You bite Duvessa.
You kill Duvessa!
Dowan's eyes darken. "You have made a black mistake."
Dowan seems to find hidden reserves of power!
You feel your intelligence returning.
You miss Dowan. You block Dowan's attack.
You impale Dowan!!
Dowan is almost dead.
Dowan points at you and mumbles some strange words.
The shard of ice hits you!!
You die...

#.......##..#
#...#.......#
#.#.#.......#
#.#......#..######
#......#....#....#
....#.......#.##.#
#...####......##.#
..............##.#
....##.#......##@#
.....#.#..<#..##e#
.#.............(s#
.#............##.#
.#...........e...#
..........##'##.##
##..##.#..#...#.#
.......#..'...+.#
.......#..#...#.#


You could see Dowan (fast) and a scorpion.

Vanquished Creatures
  Grinder (D:3)
  A water moccasin (D:4)
  Duvessa (D:5)
  An ogre (D:4)
  A phantom (D:5)
  A scorpion (D:4)
  A centaur zombie (Ossuary)
  A hound (D:4)
  A human zombie (Ossuary)
  A jelly (D:5)
  Ijyb (D:3)
  2 orc wizards
  2 mummies (Ossuary)
  6 gnolls
  A howler monkey skeleton (D:3)
  2 river rats (D:5)
  13 adders
  A white imp (D:5)
  2 adder zombies
  An adder skeleton (D:3)
  2 worms
  2 dart slugs
  15 orcs
  2 bats (D:2)
  12 endoplasms
  2 giant cockroaches
  6 goblins
  4 hobgoblins
  6 jackals
  3 quokkas
  8 ball pythons
  A ball python zombie (D:3)
  11 frilled lizards
  3 goblin zombies (Ossuary)
  7 hobgoblin zombies (Ossuary)
  2 jackal zombies (Ossuary)
  5 kobolds
  12 kobold zombies (Ossuary)
  8 orc zombies (Ossuary)
  2 quokka skeletons (D:3)
  17 rats
  2 rat zombies (Ossuary)
173 creatures vanquished.

Vanquished Creatures (others)
  A plant (D:1)
  4 withered plants (D:3)
5 creatures vanquished.

Grand Total: 178 creatures vanquished

Notes
Turn   | Place    | Note
-------+----------+-------------------------------------------
     0 | D:1      | MechDurjaeses the Gnoll Fighter began the quest for the
                  | Orb.
     0 | D:1      | Reached XP level 1. HP: 23/23 MP: 1/1
   139 | D:1      | Reached XP level 2. HP: 21/29 MP: 2/2
   492 | D:1      | Found a faded altar of an unknown god.
   639 | D:1      | Reached XP level 3. HP: 35/35 MP: 3/3
  1423 | D:2      | You are sucked into a shaft and drop 2 floors!
  1440 | D:4      | Noticed an ogre
  1486 | D:4      | Killed an ogre
  1487 | D:4      | Reached skill level 1 in Short Blades
  1487 | D:4      | Reached skill level 1 in Long Blades
  1487 | D:4      | Reached skill level 1 in Axes
  1487 | D:4      | Reached skill level 1 in Maces & Flails
  1487 | D:4      | Reached skill level 1 in Staves
  1487 | D:4      | Reached skill level 1 in Slings
  1487 | D:4      | Reached skill level 1 in Bows
  1487 | D:4      | Reached skill level 1 in Crossbows
  1487 | D:4      | Reached skill level 1 in Throwing
  1487 | D:4      | Reached skill level 1 in Dodging
  1487 | D:4      | Reached skill level 1 in Stealth
  1487 | D:4      | Reached skill level 1 in Unarmed Combat
  1487 | D:4      | Reached skill level 1 in Spellcasting
  1487 | D:4      | Reached skill level 1 in Conjurations
  1487 | D:4      | Reached skill level 1 in Hexes
  1487 | D:4      | Reached skill level 1 in Summonings
  1487 | D:4      | Reached skill level 1 in Necromancy
  1487 | D:4      | Reached skill level 1 in Translocations
  1487 | D:4      | Reached skill level 1 in Transmutations
  1487 | D:4      | Reached skill level 1 in Fire Magic
  1487 | D:4      | Reached skill level 1 in Ice Magic
  1487 | D:4      | Reached skill level 1 in Air Magic
  1487 | D:4      | Reached skill level 1 in Earth Magic
  1487 | D:4      | Reached skill level 1 in Poison Magic
  1487 | D:4      | Reached skill level 1 in Invocations
  1487 | D:4      | Reached skill level 1 in Evocations
  1487 | D:4      | Reached XP level 4. HP: 28/41 MP: 5/5
  1487 | D:4      | Reached XP level 5. HP: 32/47 MP: 6/6
  2066 | D:4      | Reached XP level 6. HP: 24/53 MP: 8/8
  2312 | D:4      | Noticed a water moccasin
  2324 | D:4      | Killed a water moccasin
  2325 | D:4      | Reached skill level 5 in Polearms
  2822 | D:3      | Noticed Grinder
  2831 | D:3      | Killed Grinder
  2832 | D:3      | Reached XP level 7. HP: 55/60 MP: 10/10
  2945 | D:3      | Noticed Ijyb
  2982 | D:3      | Killed Ijyb
  3633 | D:2      | Learned a level 3 spell: Stone Arrow
  5033 | D:5      | Entered Level 5 of the Dungeon
  5125 | D:5      | Found a glowing drain.
  5135 | Sewer    | Entered a sewer
  5176 | Sewer    | Reached XP level 8. HP: 67/67 MP: 12/12
  5483 | D:5      | Found Ujoxolorph's Self-Improvement Boutique.
  5524 | D:5      | Found a sand-covered staircase.
  5529 | Ossuary  | Entered an ossuary
  6107 | D:5      | Noticed Edmund
  6722 | D:5      | Noticed Duvessa
  6722 | D:5      | Noticed Dowan
  6751 | D:5      | Killed Duvessa
  6753 | D:5      | Killed from afar by Dowan

Illustrated notes

Levels and vault maps discovered:
D:1:      matt_arrival_los_fun, layout_basic, serial_co_window_serial,
          co_window_of_opportunity_a, co_window_paths_b, co_window_corner_a,
          co_window_paths_b, co_window_corner_a, co_window_broadway_c,
          co_window_broadway_b, co_window_corner_b, co_window_paths_e,
          glass_columns_b, shapermc_ecumenical_altar_mp_ritualfount
D:2:      layout_rooms, chequers_serial_rivers_small_3, minmay_misc_feat_encased
D:3:      layout_loops_corners, serial_undead, serial_undead_e, serial_undead_f,
          serial_undead_d, serial_undead_b, serial_undead_a, serial_undead_c,
          uniq_grinder, uniq_ijyb
D:4:      layout_basic, serial_rivers, chequers_serial_rivers_small_3,
          chequers_serial_rivers_small_a, chequers_serial_rivers_small_b,
          chequers_serial_rivers_large_b, chequers_serial_rivers_micro_e
D:5:      layout_basic, enter_ossuary_2, gup_sewer_entry_bubbles,
          nicolae_shop_self_help, uniq_duvessa, uniq_prince_ribbit1, uniq_edmund

Skill      XL: |  1  2  3  4  5  6  7  8 |
---------------+-------------------------+-----
Short Blades   | 1 2 3 |  3.3
Long Blades    | 1 2 3 |  3.3
Axes           | 1 2 3 |  3.3
Maces & Flails | 1 2 3 |  3.3
Staves         | 1 2 3 |  3.3
Slings         | 1 2 3 |  3.3
Bows           | 1 2 3 |  3.3
Crossbows      | 1 2 3 |  3.3
Throwing       | 1 2 3 |  3.3
Dodging        | 1 2 3 |  3.3
Stealth        | 1 2 3 |  3.3
Unarmed Combat | 1 2 3 |  3.3
Spellcasting   | 1 2 3 |  3.3
Conjurations   | 1 2 |  2.7
Hexes          | 1 2 |  2.7
Summonings     | 1 2 |  2.7
Necromancy     | 1 2 |  2.7
Translocations | 1 2 |  2.7
Transmutations | 1 2 |  2.7
Fire Magic     | 1 2 |  2.7
Ice Magic      | 1 2 |  2.7
Air Magic      | 1 2 |  2.7
Earth Magic    | 1 2 |  2.7
Poison Magic   | 1 2 |  2.7
Invocations    | 1 2 3 |  3.6
Evocations     | 1 2 3 |  3.3
Polearms       | 5 |  5.7
Fighting       | 7 |  7.4
Armour         | 7 |  7.4
Shields        | 7 |  7.4

Action                   |  1- 3 |  4- 6 |  7- 9 || total
-------------------------+-------+-------+-------++-------
Melee: Trident           |    67 |   126 |   493 ||   686
       Bite              |     4 |    11 |    47 ||    62
Throw: Dart              |     4 |       |       ||     4
  Use: Scroll            |     4 |       |    13 ||    17
       Potion            |       |     2 |     4 ||     6
 Stab: Distracted        |       |     1 |       ||     1
Armor: Scale mail        |     8 |    29 |   173 ||   210
       Skin              |       |       |    12 ||    12
Dodge: Dodged            |    15 |    39 |   163 ||   217
Block: Buckler           |     8 |    24 |   143 ||   175

Table legend: (Time is in decaauts)
 A = Elapsed time spent in this place.
 B = Non-inter-level travel time spent in this place.
 C = Inter-level travel time spent in this place.
 D = Time resting spent in this place.
 E = Time spent auto-exploring this place.
 F = Levels seen in this place.
 G = Mean time per level.
                   A        B        C        D        E       F      G
               +--------+--------+--------+--------+--------+-----+--------+
         Total |   6801 |   6463 |    338 |    818 |   4317 |   7 |  971.6 |
       Dungeon |   6010 |   5672 |    338 |    808 |   3856 |   5 | 1202.0 |
         Sewer |    311 |    311 |      0 |      0 |    195 |   1 |  311.0 |
       Ossuary |    479 |    479 |      0 |     10 |    266 |   1 |  479.0 |
               +--------+--------+--------+--------+--------+-----+--------+

Top non-repeatable levels by time:
     D:4: 1835 daAuts
     D:1: 1312 daAuts
     D:3: 1206 daAuts
     D:5: 944 daAuts
     D:2: 710 daAuts
 Ossuary: 479 daAuts
   Sewer: 311 daAuts
